 Dungeon Crawl Stone Soup version 0.18.1-48-g4cf74bf (webtiles) character file.

23 Galewin the Insei (level 2, -3/21 HPs)
             Began as a Demonspawn Transmuter on July 7, 2016.
             Slain by an adder (4 damage)
             ... on level 1 of the Dungeon.
             The game lasted 00:02:47 (735 turns).

Galewin the Insei (Demonspawn Transmuter)            Turns: 735, Time: 00:02:48

Health: -3/21      AC:  2    Str: 10    XL:     2   Next: 72%
Magic:  4/5        EV: 12    Int: 14    God:
Gold:   0          SH:  0    Dex: 13    Spells: 1 memorised, 4 levels left

rFire  . . .     SeeInvis .       - Unarmed
rCold  . . .     Gourm    .     b - +0 robe
rNeg   . . .     Faith    .     (no shield)
rPois  .         Spirit   .     (no helmet)
rElec  .         Dismiss  .     (no cloak)
rCorr  .         Reflect  .     (no gloves)
SustAt .         Harm     .     (boots currently unavailable)
MR     .....                    (no amulet)
Stlth  ++........               (no ring)
                                (no ring)

@: lethally poisoned (-3 -> -9), appendage (expiring), not resistant to hostile
enchantments, unstealthy
A: talons 3, nightstalker 1
a: End Transformation


You were on level 1 of the Dungeon.
You were not hungry.
You had grown temporary talons.
You visited 1 branch of the dungeon, and saw 2 of its levels.

Inventory:

Missiles
 a - 49 arrows
Armour
 b - a +0 robe (worn)
Jewellery
 i - an uncursed amulet of faith {unknown}
Scrolls
 e - a scroll of noise {unknown}
 f - 2 scrolls of identify {unknown}
 j - a scroll of fog {unknown}
 k - a scroll of teleportation {unknown}
Potions
 g - a potion of berserk rage {unknown}
 l - a potion of curing {unknown}
 m - 2 potions of resistance {unknown}
Books
 c - a book of Changes

   Spells                             Type                      Level
   a - Beastly Appendage              Transmutation                1
   b - Sticks to Snakes               Transmutation                2
   c - Spider Form                    Transmutation/Poison         3
   d - Ice Form                       Ice/Transmutation            4
   e - Blade Hands                    Transmutation                5
Comestibles
 d - 2 bread rations
 h - 2 fruits


   Skills:
 + Level 1.6 Fighting
 + Level 2.0 Dodging
 + Level 2.8 Unarmed Combat
 + Level 2.2 Spellcasting
 + Level 2.1 Transmutations


You had 4 spell levels left.
You knew the following spells:

 Your Spells              Type           Power        Failure   Level  Hunger
z - Beastly Appendage     Trmt           #.....       12%         1    #......


Dungeon Overview and Level Annotations

Branches:
Dungeon (2/15)

Altars:


Innate Abilities, Weirdness & Mutations

You are slightly more attuned to the shadows.
You have claws for feet.


Message History

The hobgoblin hits you with a club. The adder barely misses you.
You hit the adder. Your kick misses the adder.
The adder is lightly wounded.
The adder bites you. The hobgoblin closely misses you.
You closely miss the adder. Your kick misses the adder.
The adder is lightly wounded.
The adder bites you.
The giant newt hisses menacingly.
The hobgoblin hits you but does no damage.
The adder bites you.
* * * LOW HITPOINT WARNING * * *
You are lethally poisoned!
The adder poisons you!
You barely miss the hobgoblin.
You claw the hobgoblin, but do no damage.
* * * LOW HITPOINT WARNING * * *
You feel sick. The hobgoblin hits you with a club.
* * * LOW HITPOINT WARNING * * *
The adder bites you.
You die...

#........# #.#.......(....#
#........# #.#.....[......#
#........####.#............#
#........'..#.#............#
#........##.#.#...############
####'######.#.#...#...........
##'## #.#.#...#...........
#...# #.#g#...#...........
#...# #.#@Sl..'####'###...
#.).# #.###...##......##..
#...#####.......#........#..
#...##..........#...♣♣...#..
##'###..........+..♣♣♣♣..#..
#...'.......##.#..♣♣♣♣..'..
#####.......##.#...♣♣...#..
#..........#........###
#..........##......##


You could see an adder, a hobgoblin and a giant newt.

Vanquished Creatures
  A gnoll (D:1)
  A giant gecko (D:1)
  A bat (D:1)
  2 giant cockroaches (D:1)
  3 hobgoblins (D:1)
  3 giant newts (D:1)
  A rat (D:1)
12 creatures vanquished.

Notes
Turn   | Place    | Note
--------------------------------------------------------------
     0 | D:1      | Galewin the Demonspawn Transmuter began the quest for the Orb.
     0 | D:1      | Reached XP level 1. HP: 15/15 MP: 3/3
   323 | D:1      | Gained mutation: You are slightly more attuned to the shadows. [demonic ancestry]
   323 | D:1      | Reached XP level 2. HP: 12/21 MP: 5/5
   735 | D:1      | HP: 1/21 [hobgoblin/club (2)]
   735 | D:1      | Slain by an adder

Skill      XL: |  1  2 |
---------------+-------+-----
Transmutations | 2 |  2.1
Dodging        | 2 |  2.0
Fighting       | |  1.6
Unarmed Combat | |  2.8
Spellcasting   | |  2.2

Action                   || total
-------------------------++-------
Melee: Unarmed           ||    48
       Kick              ||     8
       Headbutt          ||     2
 Cast: Beastly Appendage ||     9
Armor: Robe              ||    12
Dodge: Dodged            ||    40
